 Dungeon Crawl Stone Soup version 0.28.0-43-g3370ac3207 (webtiles) character file.

Game seed: 8261967149746267769

37 RascalDebosk the Skirmisher (level 3, -2/29 HPs)
             Began as a Demonspawn Abyssal Knight on Mar 3, 2022.
             Was a Follower of Lugonu.
             Frozen to death by an endoplasm (5 damage)
             ... on level 2 of the Dungeon.
             The game lasted 00:33:30 (2499 turns).

RascalDebosk the Skirmisher (DsAK)                  Turns: 2499, Time: 00:33:31

Health: -2/29      AC:  3    Str: 13    XL:     3   Next: 23%
Magic:  5/5        EV: 12    Int: 17    God:    Lugonu [*.....]
Gold:   74         SH:  0    Dex: 15    Spells: 2/2 levels left

rFire   + . .      SeeInvis +   a - +1 spear
rCold   . . .      Faith    .   (no shield)
rNeg    . . .      Spirit   .   d - +1 robe {rF+}
rPois   .          Reflect  .   (no helmet)
rElec   .          Harm     .   (no cloak)
rCorr   .          Rampage  .   (no gloves)
Will    .....                   (no boots)
Stlth   +.........              (no amulet)
HPRegen 0.09/turn               c - ring of see invisible
MPRegen 0.09/turn               i - +6 ring of intelligence

@: no status effects
A: weakness stinger 1
a: Renounce Religion, Depart the Abyss


You were on level 2 of the Dungeon.
You worshipped Lugonu.
Lugonu was aware of your devotion.
You visited 1 branch of the dungeon, and saw 2 of its levels.
You visited the Abyss 1 time.

You collected 74 gold pieces.

Inventory:

Hand Weapons
 a - a +1 spear (weapon)
 j - a +1 dagger of flaming
Missiles
 h - 3 stones (quivered)
Armour
 b - a +0 leather armour
 d - a +1 robe of fire resistance (worn)
 e - a +0 chain mail
Jewellery
 c - a ring of see invisible (left hand)
 i - a +6 ring of intelligence (right hand)
Scrolls
 k - 3 scrolls of holy word {unknown}
Potions
 f - a potion of invisibility {unknown}
 g - a potion of degeneration {unknown}


   Skills:
 + Level 3.3 Fighting
 + Level 2.2 Polearms
 + Level 2.1 Armour
 + Level 1.4 Dodging
 + Level 3.0 Invocations


You had 2 spell levels left.
You didn't know any spells.
Your spell library was empty.

Dungeon Overview and Level Annotations

Branches:
Dungeon (2/15)

Altars:

Annotations:
D:2 Terence


Innate Abilities, Weirdness & Mutations

You have a small tail.


Message History

Terence hits you with a +0 hand axe.
An endoplasm comes into view.
You hit Terence but do no damage.
Your tail-slap misses Terence.
Terence is moderately wounded.
Terence hits you with a +0 hand axe.
You hit Terence but do no damage.
Terence is moderately wounded.
Terence barely misses you.
You hit Terence but do no damage.
Terence is moderately wounded.
Terence closely misses you.
You barely miss Terence.
Terence is moderately wounded.
Terence barely misses you.
You closely miss Terence.
You tail-slap Terence, but do no damage.
Terence is moderately wounded.
Terence shouts, "DIE!!!"
Terence hits you with a +0 hand axe.
The endoplasm jiggles.
You hit Terence.
Terence is moderately wounded.
Terence hits you with a +0 hand axe.
You hit Terence.
Terence is heavily wounded.
Terence hits you with a +0 hand axe. The endoplasm freezes you.
You are frozen.
You barely miss Terence.
Terence is heavily wounded.
Terence hits you with a +0 hand axe!
* * * LOW HITPOINT WARNING * * *
The endoplasm hits you.
* * * LOW HITPOINT WARNING * * *
You hit Terence.
Terence is heavily wounded.
Terence completely misses you. The endoplasm freezes you.
You are frozen.
You die...

#.....#
#.....#############
#.#...............#
#.#..###########.##
#.#..........# #.#
#####'#........#.# #.#
##................# #.#
#.........>.......###.#
##.......#.###..@.....#
#...........#.J@######
#.......#.#.#[...
#.......#.# #..###
#.####### # #.. ##.#
#.# .#.####### #.
.........# #.
.#.#####.#


You could see Terence and an endoplasm.

Vanquished Creatures
  A worm (D:2)
  A dart slug (D:2)
  2 endoplasms (D:1)
  4 giant cockroaches
  4 goblins
  A hobgoblin (D:1)
  4 kobolds (D:1)
  A quokka (D:1)
  5 ball pythons
  3 bats
  3 frilled lizards (D:1)
  4 rats
33 creatures vanquished.

Notes
Turn   | Place    | Note
-------+----------+-------------------------------------------
     0 | Abyss:1  | RascalDebosk the Demonspawn Abyssal Knight began the quest
                  | for the Orb.
     0 | Abyss:1  | Reached XP level 1. HP: 18/18 MP: 2/2
     9 | D:1      | Escaped the Abyss
    97 | D:1      | Reached skill level 1 in Dodging
   641 | D:1      | Gained mutation: You have a small tail. [demonic ancestry]
   641 | D:1      | Reached XP level 2. HP: 21/24 MP: 4/4
   689 | D:1      | Reached * piety under Lugonu
  1190 | D:1      | Found a faded altar of an unknown god.
  2048 | D:2      | Reached XP level 3. HP: 11/29 MP: 5/5
  2489 | D:2      | Noticed Terence
  2499 | D:2      | Frozen to death by an endoplasm

Illustrated notes

Levels and vault maps discovered:
D:1:      dpeg_arrival_rhombus, layout_basic,
          hellmonk_ecumenical_altar_heavens_door, minivault_23
D:2:      layout_basic, serial_shops, shop, kennysheep_path_1, st_stairs_8,
          minmay_three_crescents, uniq_terence

Skill      XL: |  1  2 |
---------------+-------+-----
Dodging        | 1 |  1.4
Polearms       | 2 |  2.2
Armour         | 2 |  2.1
Invocations    | 3 |  3.0
Fighting       | |  3.3

Action                   || total
-------------------------++-------
Melee: Spear             ||   124
       Punch             ||     3
       Tailslap          ||     5
Invok: Depart the Abyss  ||     1
Armor: Leather armour    ||     2
       Robe              ||    14
Dodge: Dodged            ||    56
